 Dungeon Crawl Stone Soup version 0.28.0-53-g5a82cb258f (webtiles) character file.

Game seed: 17458842571221324648

46 Stomo the Skirmisher (level 3, 0/33 HPs)
             Began as a Draconian Fighter on June 30, 2022.
             Slain by an orc priest
             ... wielding a +0 morningstar
              (5 damage)
             ... on level 3 of the Dungeon.
             The game lasted 00:01:29 (1693 turns).

Stomo the Skirmisher (Draconian Fighter)            Turns: 1693, Time: 00:01:30

Health: 0/33       AC:  5    Str: 20    XL:     3   Next: 46%
Magic:  3/3        EV: 12    Int:  8    God:
Gold:   37         SH:  0    Dex: 10    Spells: 2/2 levels left

rFire   . . .      SeeInvis .   a - +0 flail
rCold   . . .      Faith    .   (no shield)
rNeg    . . .      Spirit   .   (armour unavailable)
rPois   .          Reflect  .   (helmet restricted)
rElec   .          Harm     .   (no cloak)
rCorr   .          Rampage  .   (no gloves)
Will    .....                   (no boots)
Stlth   +.........              (no amulet)
HPRegen 0.11/turn               (no ring)
MPRegen 0.08/turn               (no ring)

@: no status effects
A: AC +5, unfitting armour, cold-blooded
a: no special abilities


You were on level 3 of the Dungeon.
You visited 1 branch of the dungeon, and saw 3 of its levels.

You collected 37 gold pieces.

Inventory:

Hand Weapons
 a - a +0 flail (weapon)
Armour
 b - a +0 buckler
Scrolls
 e - 2 scrolls of identify {unknown}
 g - a scroll of immolation {unknown}
 h - a scroll of fog {unknown}
 i - a scroll of enchant armour {unknown}
Potions
 c - a potion of might
 d - a potion of ambrosia {unknown}
 f - a potion of brilliance {unknown}


   Skills:
 + Level 3.9 Fighting
 + Level 2.8 Maces & Flails
 + Level 3.2 Dodging
 - Level 3.0 Shields


You had 2 spell levels left.
You didn't know any spells.
Your spell library contained the following spells:

 Spells                   Type           Power      Damage    Failure   Level
 Corpse Rot               Necr/Air       0%         N/A       54%         2
 Dispel Undead            Necr           0%         3d6       99%         4
 Death Channel            Necr           0%         N/A       100%        6


Dungeon Overview and Level Annotations

Branches:
Dungeon (3/15)

Altars:

Shops:
D:2 [


Innate Abilities, Weirdness & Mutations

Your plain brown scales are hard. (AC +5)
You cannot fit into any form of body armour.
You are cold-blooded and may be slowed by cold attacks.


Message History

There are monsters nearby!
You closely miss the orc. The orc hits you with a +0 club.
The orc closely misses you.
You barely miss the orc. The orc barely misses you.
You hit the orc. You punch the orc.
You kill the orc!
The orc priest calls down the wrath of Beogh upon you.
Beogh smites you!
You barely miss the orc. The orc hits you but does no damage.
Unknown command.
You barely miss the orc. The orc barely misses you.
The orc hits you but does no damage.
You closely miss the orc. The orc hits you but does no damage.
You hit the orc. You tail-slap the orc.
The orc is almost dead.
The orc barely misses you.
You barely miss the orc.
The orc is severely wounded.
The orc hits you but does no damage.
Unknown command.
You sock the orc!
You kill the orc!
You sock the orc priest!
The orc priest is severely wounded.
The orc priest calls down the wrath of Beogh upon you.
Pain shoots through your body!
The orc priest casts a cantrip, but nothing happens.
You barely miss the orc priest.
The orc priest is severely wounded.
The orc priest hits you with a +0 morningstar.
You closely miss the orc priest.
The orc priest is severely wounded.
The orc priest barely misses you.
Unknown command.
You barely miss the orc priest.
The orc priest is severely wounded.
The orc priest hits you with a +0 morningstar.
* * * LOW HITPOINT WARNING * * *
The orc priest hits you with a +0 morningstar.
You die...

.........#
###.#####........#
.................
...............
###............
.## ............$.
.>## #........#.#
.....
#........#.##.....
#....<...#@#......
#........#o#.....w
#.................
#.................
#####.##.....>....
#.##....#.....
#.##....###.##
#.##...?# .#
........# #


You could see an orc priest.

Vanquished Creatures
  An adder (D:2)
  2 orcs (D:3)
  3 bats
  2 endoplasms
  A giant cockroach (D:1)
  2 goblins
  2 hobgoblins
  4 jackals
  4 kobolds (D:1)
  4 ball pythons
  5 frilled lizards (D:1)
  3 rats
33 creatures vanquished.

Notes
Turn   | Place    | Note
-------+----------+-------------------------------------------
     0 | D:1      | Stomo the Draconian Fighter began the quest for the Orb.
     0 | D:1      | Reached XP level 1. HP: 19/19 MP: 1/1
    86 | D:1      | Found a faded altar of an unknown god.
   261 | D:1      | Reached XP level 2. HP: 26/26 MP: 2/2
   857 | D:2      | Reached XP level 3. HP: 33/33 MP: 3/3
   889 | D:2      | Found Xiof's Antique Armour Shoppe.
  1693 | D:3      | Slain by an orc priest

Illustrated notes

Levels and vault maps discovered:
D:1:      dpeg_arrival_simpleton_c, layout_rooms, ebering_ecumenical_altar_webs,
          supply_closet_lemuel, minmay_misc_feat_more_columns, glass_columns_a,
          grunt_decor_resistance
D:2:      layout_loops_ring, serial_shops, nicolae_shop_crystal, serial_rivers,
          chequers_serial_rivers_marsh, chequers_serial_rivers_micro_c,
          chequers_serial_rivers_micro_a, chequers_serial_rivers_micro_a,
          chequers_serial_rivers_small_3, grunt_ministairs_9
D:3:      layout_basic, portal_sewer_entry_b, uniq_jessica

Skill      XL: |  1  2 |
---------------+-------+-----
Dodging        | 3 |  3.2
Fighting       | |  3.9
Maces & Flails | |  2.8
Shields        | |  3.0

Action                   || total
-------------------------++-------
Melee: Flail             ||   104
       Tailslap          ||    11
       Punch             ||     1
 Stab: Sleeping          ||     1
Armor: Skin              ||    36
Dodge: Dodged            ||    80
